 Dungeon Crawl Stone Soup version 0.21.1-1-g345015f (webtiles) character file.

69819 xccam the Cleaver (level 15, -24/178 HPs)
             Began as a Gnoll Berserker on Mar 26, 2018.
             Was the Champion of Trog.
             Killed from afar by Nikola (47 damage)
             ... with a chain lightning
             ... on level 1 of the Swamp.
             The game lasted 00:58:35 (19745 turns).

xccam the Cleaver (Gnoll Berserker)                Turns: 19745, Time: 00:58:37

Health: -24/178    AC: 23    Str: 30    XL:     15   Next: 31%
Magic:  28/28      EV: 15    Int: 14    God:    Trog [******]
Gold:   1670       SH:  8    Dex: 16    Spells: 33/33 levels left

rFire    + . .     SeeInvis .   C - +2 scimitar (flame)
rCold    + . .     Gourm    .   z - +1 buckler {AC+3}
rNeg     + . .     Faith    .   F - +0 plate armour
rPois    +         Spirit   .   y - +2 hat {Int+3}
rElec    .         Reflect  .   D - scarf {rC+ rF+}
rCorr    .         Harm     .   u - +2 pair of gloves
MR       +++..                  (no boots)
Stlth    ..........             a - amulet of regeneration
HPRegen  1.79/turn              A - ring of poison resistance
MPRegen  0.21/turn              v - ring of positive energy

@: berserking, starving, regenerating, very quick
A: distributed training, fangs 1, horns 1, clever 1, strong nose
a: Berserk, Trog's Hand, Brothers in Arms, Burn Spellbooks, Renounce Religion


You were on level 1 of the Swamp.
You worshipped Trog.
Trog was exalted by your worship.
You were starving.

You visited 5 branches of the dungeon, and saw 21 of its levels.
You visited the Abyss 1 time.
You also visited: Ice Cave.

You collected 1950 gold pieces.
You spent 280 gold pieces at shops.

Inventory:

Hand Weapons
 q - a +0 broad axe
 w - the +8 halberd of Brutal Revenge {holy, rC++}
   (You found it in an ice cave)

   It has been blessed by the Shining One to cause great damage to the undead
   and demons.
   It greatly protects you from cold.
 C - a +2 scimitar of flaming (weapon)
 O - a +6 great sword of electrocution
 R - a +0 battleaxe of freezing
 X - a +3 antimagic double sword
Missiles
 J - 4 steel tomahawks (quivered)
 K - 23 tomahawks
 P - 7 javelins of returning
 Q - 8 poisoned javelins
 Y - 5 tomahawks of returning
Armour
 u - a +2 pair of gloves (worn)
 y - a +2 hat of intelligence (worn)
 z - a +1 buckler of protection (worn)
 D - a scarf of resistance (worn)
 F - a +0 plate armour (worn)
 U - a +0 shield
Jewellery
 a - an amulet of regeneration (around neck)
 n - an uncursed ring of protection from fire
 v - a ring of positive energy (right hand)
 A - a ring of poison resistance (left hand)
 M - a +2 ring of strength
 T - a +2 ring of strength
Wands
 o - a wand of digging (17)
 t - a wand of paralysis (12)
 x - a wand of flame (104)
 I - a wand of clouds (7)
 N - a wand of iceblast (17)
Scrolls
 d - 2 scrolls of enchant armour
 f - 3 scrolls of immolation
 g - 12 scrolls of remove curse
 i - 3 scrolls of magic mapping
 j - 4 scrolls of identify
 k - 2 scrolls of teleportation
 l - 5 scrolls of blinking
 E - 3 scrolls of enchant weapon
 G - 3 scrolls of noise
 V - a scroll of silence
 W - a scroll of amnesia
Potions
 b - 6 potions of degeneration
 e - 4 potions of curing
 p - 2 potions of magic
 r - 3 potions of brilliance
 s - 3 potions of haste
 B - 2 potions of agility
 H - 3 potions of flight
 L - 3 potions of mutation
 S - 2 potions of resistance
Comestibles
 c - 27 rations


   Skills:
 + Level 11.6 Fighting
 + Level 9.8 Short Blades
 + Level 9.8 Long Blades
 + Level 11.6 Axes
 + Level 9.8 Maces & Flails
 + Level 9.8 Polearms
 + Level 9.8 Staves
 + Level 9.8 Slings
 + Level 9.8 Bows
 + Level 9.8 Crossbows
 + Level 9.8 Throwing
 + Level 10.7 Armour
 + Level 10.7 Dodging
 + Level 9.8 Stealth
 + Level 9.8 Shields
 + Level 9.8 Unarmed Combat
 + Level 9.8 Spellcasting
 + Level 8.2 Conjurations
 + Level 8.2 Hexes
 + Level 8.2 Charms
 + Level 8.2 Summonings
 + Level 8.2 Necromancy
 + Level 8.2 Translocations
 + Level 8.2 Transmutations
 + Level 8.2 Fire Magic
 + Level 8.2 Ice Magic
 + Level 8.2 Air Magic
 + Level 8.2 Earth Magic
 + Level 8.2 Poison Magic
 + Level 10.6 Invocations
 + Level 9.8 Evocations


You had 33 spell levels left.
You didn't know any spells.

Dungeon Overview and Level Annotations

Branches:
Dungeon (11/15)            Temple (0/1) D:7            Lair (6/6) D:9
  Swamp (1/4) Lair:2       Spider (0/4) Lair:3        Slime (1/5) Lair:5
    Orc (2/2) D:10            Elf (0/3) Orc:2

Altars:
Nemelex Xobeh
Okawaru
Zin
Beogh
Jiyva

Shops:
D:6 *   Orc:2 =%[=(

Annotations:
D:11 Ferkelamun's ghost, journeyman GnFi; Sonja
Lair:1 exclusion: 4 oklob plants
Swamp:1 Nikola


Innate Abilities, Weirdness & Mutations

Your experience applies equally to all skills.
You have very sharp teeth.
Your uncanny sense of smell can sniff out nearby items.
You have a pair of small horns on your head.
Your mind is acute. (Int +2)


Message History

The lightning arc hits you!
The lightning arc hits Nikola.
The lightning arc hits you!
* * * LOW HITPOINT WARNING * * *
The lightning arc hits Nikola.
You hear a chilling moan.
You hear a roar!
You hear a chilling moan. x2
You hear a roar!
You hear a loud, deep croak!
There is a staircase back to the Lair here.
You feel much better. Nikola hits you but does no damage.
Your cyclops goes berserk!
You feel quite a bit more hungry. Nikola hits you but does no damage.
You are electrocuted!
* * * LOW HITPOINT WARNING * * *
Unknown command.
A red film seems to cover your vision as you go berserk!
You feel yourself moving faster!
You feel mighty!
You are starving!
Nikola gestures wildly while chanting.
You hear a mighty clap of thunder!
The lightning arc hits you!
You die...

♣♣♣♣≈.≈♣.≈....
♣♣♣.≈♣..≈..≈....
♣§.≈≈≈≈.≈≈≈≈≈≈≈≈
♣.≈≈≈≈≈≈≈≈.≈≈≈≈
♣.≈≈≈≈≈≈≈...≈≈≈
♣♣>..≈≈≈≈.>≈≈≈.≈
♣.≈≈≈≈≈C.§≈≈≈≈.≈
♣.≈≈≈≈≈.≈≈≈≈≈≈..
♣.≈≈..@@§≈≈≈≈≈.≈
♣♣......!.≈≈≈≈≈(
♣♣♣♣.§♣.≈≈...≈≈
♣♣♣≈..≈≈..≈≈
...%...≈≈
♣........
≈♣♣♣♣♣§ ♣♣


You could see Nikola and a friendly cyclops (berserk).

Vanquished Creatures
  A frost giant (IceCv)
  Harold (Lair:1)
  6 hydras
  2 ogre magi (Orc:2)
  Erolcha (D:10)
  A catoblepas (Lair:3)
  Erica (D:9)
  8 two-headed ogres (Orc:2)
  A death knight (D:11)
  2 death yaks (D:9)
  Urug (D:11)
  2 deep trolls (Orc:2)
  Pikel (D:5)
  An orb spider (Lair:3)
  2 phantasmal warriors (D:11)
  A deep elf mage (D:10)
  3 orc knights
  3 cyclopes
  A manticore (shapeshifter) (D:9)
  4 elephants (Lair:6)
  4 black mambas
  An ice statue (IceCv)
  A torpor snail (Lair:5)
  10 spiny frogs
  A rime drake (Lair:2)
  A freezing wraith (D:11)
  7 komodo dragons
  9 trolls
  Prince Ribbit (D:9)
  20 polar bears
  4 hornets (Lair:6)
  8 hippogriffs
  6 dream sheep (Lair:6)
  8 blink frogs
  The ghost of xccam the Slasher, an amateur FoFi (D:4)
  A slime creature (D:7)
  16 spriggans
  A wraith (D:11)
  2 basilisks
  3 wyverns
  2 hogs (D:7)
  42 yaks
  A steam dragon (Lair:3)
  2 hungry ghosts (D:9)
  A human (D:7)
  A chaos spawn (Abyss:1)
  A warg (Orc:1)
  8 porcupines
  11 water moccasins
  4 ice beasts
  An eye of draining (D:9)
  22 orc warriors
  A black bear (Lair:6)
  3 necrophages
  2 phantoms (D:11)
  37 wolves
  29 ogres
  5 centaurs
  3 boggarts (Lair:6)
  8 crocodiles
  4 big kobolds
  13 bullfrogs
  A gnoll sergeant (D:4)
  6 scorpions
  9 killer bees
  2 howler monkeys (D:7)
  An electric eel (Lair:5)
  A bullfrog zombie (D:7)
  2 crimson imps
  2 centaur zombies
  2 bullfrog skeletons (D:4)
  12 orc priests
  7 hounds
  5 jellies
  2 centaur skeletons
  A gnoll shaman (D:7)
  3 iguanas
  27 orc wizards
  4 hell rats (Lair:5)
  7 worker ants
  2 hound skeletons
  2 worker ant zombies
  16 adders
  12 gnolls
  A howler monkey skeleton (D:5)
  2 shadow imps
  12 white imps (Lair:1)
  6 oozes
  An adder skeleton (D:6)
  4 worms
  A dart slug (D:2)
  4 leopard geckos
  101 orcs
  3 goblins
  8 hobgoblins
  10 jackals
  18 kobolds
  5 quokkas
  4 bats
  6 frilled lizards
  A leopard gecko skeleton (D:4)
  A quokka skeleton (D:6)
  6 rats
  4 fungi
  3 plants
676 creatures vanquished.

Vanquished Creatures (collateral kills)
  2 death yaks (D:9)
  An orc warrior (D:10)
3 creatures vanquished.

Vanquished Creatures (others)
  A spatial maelstrom (D:11)
  A phantom (D:5)
  An orc wizard (D:5)
  An orc (D:5)
  15 fungi
  13 plants
  11 toadstools (D:7)
43 creatures vanquished.

Grand Total: 722 creatures vanquished

Notes
Turn   | Place    | Note
-------+----------+-------------------------------------------
     0 | D:1      | xccam the Gnoll Berserker began the quest for the Orb.
     0 | D:1      | Reached XP level 1. HP: 23/23 MP: 1/1
    46 | D:1      | Reached XP level 2. HP: 26/29 MP: 2/2
   568 | D:2      | Reached ** piety under Trog
   628 | D:2      | Reached XP level 3. HP: 30/35 MP: 3/3
   780 | D:2      | Reached skill level 1 in Invocations
   893 | D:2      | Reached skill level 1 in Short Blades
   893 | D:2      | Reached skill level 1 in Long Blades
   893 | D:2      | Reached skill level 1 in Maces & Flails
   893 | D:2      | Reached skill level 1 in Polearms
   893 | D:2      | Reached skill level 1 in Staves
   893 | D:2      | Reached skill level 1 in Slings
   893 | D:2      | Reached skill level 1 in Bows
   893 | D:2      | Reached skill level 1 in Crossbows
   893 | D:2      | Reached skill level 1 in Throwing
   893 | D:2      | Reached skill level 1 in Stealth
   893 | D:2      | Reached skill level 1 in Shields
   893 | D:2      | Reached skill level 1 in Unarmed Combat
   893 | D:2      | Reached skill level 1 in Spellcasting
   893 | D:2      | Reached skill level 1 in Evocations
   905 | D:2      | Reached XP level 4. HP: 36/41 MP: 5/5
  1302 | D:3      | Reached skill level 1 in Conjurations
  1302 | D:3      | Reached skill level 1 in Hexes
  1302 | D:3      | Reached skill level 1 in Charms
  1302 | D:3      | Reached skill level 1 in Summonings
  1302 | D:3      | Reached skill level 1 in Necromancy
  1302 | D:3      | Reached skill level 1 in Translocations
  1302 | D:3      | Reached skill level 1 in Transmutations
  1302 | D:3      | Reached skill level 1 in Fire Magic
  1302 | D:3      | Reached skill level 1 in Ice Magic
  1302 | D:3      | Reached skill level 1 in Air Magic
  1302 | D:3      | Reached skill level 1 in Earth Magic
  1302 | D:3      | Reached skill level 1 in Poison Magic
  1334 | D:3      | Reached XP level 5. HP: 38/47 MP: 6/6
  1657 | D:3      | Reached *** piety under Trog
  2281 | D:4      | Noticed an ogre
  2286 | D:4      | Killed an ogre
  2286 | D:4      | Reached XP level 6. HP: 43/53 MP: 8/8
  2358 | D:4      | Noticed xccam's ghost (amateur FoFi)
  2380 | D:4      | Killed xccam's ghost
  2380 | D:4      | Reached skill level 5 in Armour
  2380 | D:4      | Reached skill level 5 in Dodging
  2380 | D:4      | Reached XP level 7. HP: 59/59 MP: 8/10
  3125 | D:5      | Entered Level 5 of the Dungeon
  3137 | D:5      | Reached XP level 8. HP: 67/67 MP: 12/12
  3694 | D:5      | Noticed Pikel
  3714 | D:5      | Killed Pikel
  3714 | D:5      | Reached XP level 9. HP: 52/73 MP: 12/14
  5045 | D:6      | Reached skill level 5 in Invocations
  5478 | D:6      | Found Nuicrana's General Store.
  5805 | D:7      | Reached XP level 10. HP: 73/80 MP: 17/17
  5876 | D:7      | Received a gift from Trog
  6086 | D:7      | Reached skill level 5 in Short Blades
  6086 | D:7      | Reached skill level 5 in Long Blades
  6086 | D:7      | Reached skill level 5 in Maces & Flails
  6086 | D:7      | Reached skill level 5 in Polearms
  6086 | D:7      | Reached skill level 5 in Staves
  6086 | D:7      | Reached skill level 5 in Slings
  6086 | D:7      | Reached skill level 5 in Bows
  6086 | D:7      | Reached skill level 5 in Crossbows
  6086 | D:7      | Reached skill level 5 in Throwing
  6086 | D:7      | Reached skill level 5 in Stealth
  6086 | D:7      | Reached skill level 5 in Shields
  6086 | D:7      | Reached skill level 5 in Unarmed Combat
  6086 | D:7      | Reached skill level 5 in Spellcasting
  6086 | D:7      | Reached skill level 5 in Evocations
  6181 | D:7      | Reached **** piety under Trog
  6208 | D:7      | Found a staircase to the Ecumenical Temple.
  6383 | D:7      | Received a gift from Trog
  6390 | D:7      | HP: 2/82 [slime creature (12)]
  7105 | D:8      | Found a sparkling altar of Nemelex Xobeh.
  7635 | D:9      | Noticed Erica
  7651 | D:9      | Killed Erica
  7651 | D:9      | Reached XP level 11. HP: 87/87 MP: 19/19
  7682 | D:9      | Found a staircase to the Lair.
  7682 | D:9      | Noticed a death yak
  7683 | D:9      | Noticed a death yak
  7683 | D:9      | Noticed a death yak
  7683 | D:9      | Noticed a death yak
  7683 | D:9      | Noticed a death yak
  7799 | D:9      | Noticed Prince Ribbit
  7821 | D:9      | Killed Prince Ribbit
  8031 | D:9      | Reached skill level 5 in Conjurations
  8031 | D:9      | Reached skill level 5 in Hexes
  8031 | D:9      | Reached skill level 5 in Charms
  8031 | D:9      | Reached skill level 5 in Summonings
  8031 | D:9      | Reached skill level 5 in Necromancy
  8031 | D:9      | Reached skill level 5 in Translocations
  8031 | D:9      | Reached skill level 5 in Transmutations
  8031 | D:9      | Reached skill level 5 in Fire Magic
  8031 | D:9      | Reached skill level 5 in Ice Magic
  8031 | D:9      | Reached skill level 5 in Air Magic
  8031 | D:9      | Reached skill level 5 in Earth Magic
  8031 | D:9      | Reached skill level 5 in Poison Magic
  8052 | D:9      | Noticed a manticore
  8052 | D:9      | a jumping spider changed into a manticore
  8058 | D:9      | Killed a manticore
  8485 | D:9      | Killed a death yak
  8488 | D:9      | Killed a death yak
  8497 | D:9      | Killed a death yak
  8508 | D:9      | Killed a death yak
  9086 | D:10     | Entered Level 10 of the Dungeon
  9089 | D:10     | Found a roughly hewn altar of Beogh.
  9089 | D:10     | Found a staircase to the Orcish Mines.
  9224 | D:10     | Noticed a deep elf mage
  9234 | D:10     | Killed a deep elf mage
  9798 | D:10     | Gained mutation: You have a pair of small horns on your head. [potion of mutation]
  9798 | D:10     | Gained mutation: Your mind is acute. (Int +2) [potion of mutation]
  9995 | D:10     | Reached ***** piety under Trog
 10015 | D:10     | Received a gift from Trog
 10199 | D:11     | Reached XP level 12. HP: 92/95 MP: 22/22
 10353 | D:11     | Noticed a death knight
 10367 | D:11     | Killed a death knight
 10404 | D:11     | Noticed Urug
 10411 | D:11     | Killed Urug
 10480 | D:11     | Noticed Sonja
 10483 | D:11     | Noticed a two-headed ogre
 10491 | D:11     | Cast into level 1 of the Abyss (Sonja)
 10571 | Abyss:1  | Found a corrupted altar of Lugonu.
 10600 | D:11     | Escaped the Abyss
 10601 | D:11     | Noticed Ferkelamun's ghost (journeyman GnFi)
 10876 | Lair:1   | Entered Level 1 of the Lair of Beasts
 11177 | Lair:1   | Found a frozen archway.
 11185 | Lair:1   | Noticed Harold
 11198 | Lair:1   | Killed Harold
 11234 | IceCv    | Entered an ice cave
 11247 | IceCv    | Received a gift from Trog
 11286 | IceCv    | Reached skill level 10 in Fighting
 11286 | IceCv    | Reached skill level 10 in Axes
 11408 | IceCv    | Reached XP level 13. HP: 92/102 MP: 24/24
 11495 | IceCv    | Received a gift from Trog
 11516 | IceCv    | Noticed a frost giant
 11533 | IceCv    | Killed a frost giant
 11576 | IceCv    | Got an encrusted halberd
 11599 | IceCv    | Identified the +8 halberd of Brutal Revenge {holy, rC++} (You found it in an ice cave)
 12446 | Lair:2   | Found a staircase to the Swamp.
 12463 | Lair:2   | Received a gift from Trog
 13664 | Lair:3   | Found a hole to the Spider Nest.
 14499 | Lair:4   | Found a glowing silver altar of Zin.
 15437 | Lair:5   | Reached XP level 14. HP: 84/110 MP: 26/26
 15455 | Lair:5   | Found a viscous altar of Jiyva.
 15455 | Lair:5   | Found a staircase to the Slime Pits.
 16216 | Lair:6   | Entered Level 6 of the Lair of Beasts
 16232 | Lair:6   | Reached skill level 10 in Armour
 16232 | Lair:6   | Reached skill level 10 in Dodging
 16249 | Lair:6   | Received a gift from Trog
 16489 | Lair:6   | Received a gift from Trog
 17098 | Lair:6   | Reached skill level 10 in Invocations
 17876 | Orc:1    | Entered Level 1 of the Orcish Mines
 17884 | Orc:1    | Noticed Erolcha
 17909 | D:10     | Killed Erolcha
 18059 | Orc:1    | Found a roughly hewn altar of Beogh.
 18176 | Orc:1    | Received a gift from Trog
 18357 | Orc:1    | Reached ****** piety under Trog
 18370 | Orc:2    | Entered Level 2 of the Orcish Mines
 18372 | Orc:2    | Found an iron altar of Okawaru.
 18376 | Orc:2    | Found a staircase to the Elven Halls.
 18419 | Orc:2    | Reached XP level 15. HP: 15/118 MP: 28/28
 18564 | Orc:2    | Found Huololy's Food Shop.
 18827 | Orc:2    | Received a gift from Trog
 18907 | Orc:2    | Found Umpicuj's Antique Weapon Shoppe.
 18922 | Orc:2    | Found Wiwnatob's Jewellery Boutique.
 18932 | Orc:2    | Found Junis's Armour Boutique.
 18965 | Orc:2    | Found Guva's Jewellery Emporium.
 19038 | Orc:2    | Bought an uncursed ring of poison resistance for 280 gold pieces
 19611 | Slime:1  | Entered Level 1 of the Pits of Slime
 19611 | Slime:1  | Noticed an acid blob
 19729 | Swamp:1  | Entered Level 1 of the Swamp
 19730 | Swamp:1  | Noticed Nikola
 19745 | Swamp:1  | Killed from afar by Nikola

Skill      XL: |  1  2  3  4  5  6  7  8  9 10 11 12 13 14 |
---------------+-------------------------------------------+-----
Invocations    | 1 2 3 4 5 6 7 8 9 10 | 10.6
Short Blades   | 1 2 3 4 5 6 7 8 9 |  9.8
Long Blades    | 1 2 3 4 5 6 7 8 9 |  9.8
Maces & Flails | 1 2 3 4 5 6 7 8 9 |  9.8
Polearms       | 1 2 3 4 5 6 7 8 9 |  9.8
Staves         | 1 2 3 4 5 6 7 8 9 |  9.8
Slings         | 1 2 3 4 5 6 7 8 9 |  9.8
Bows           | 1 2 3 4 5 6 7 8 9 |  9.8
Crossbows      | 1 2 3 4 5 6 7 8 9 |  9.8
Throwing       | 1 2 3 4 5 6 7 8 9 |  9.8
Stealth        | 1 2 3 4 5 6 7 8 9 |  9.8
Shields        | 1 2 3 4 5 6 7 8 9 |  9.8
Unarmed Combat | 1 2 3 4 5 6 7 8 9 |  9.8
Spellcasting   | 1 2 3 4 5 6 7 8 9 |  9.8
Evocations     | 1 2 3 4 5 6 7 8 9 |  9.8
Conjurations   | 1 2 3 4 5 6 7 8 |  8.2
Hexes          | 1 2 3 4 5 6 7 8 |  8.2
Charms         | 1 2 3 4 5 6 7 8 |  8.2
Summonings     | 1 2 3 4 5 6 7 8 |  8.2
Necromancy     | 1 2 3 4 5 6 7 8 |  8.2
Translocations | 1 2 3 4 5 6 7 8 |  8.2
Transmutations | 1 2 3 4 5 6 7 8 |  8.2
Fire Magic     | 1 2 3 4 5 6 7 8 |  8.2
Ice Magic      | 1 2 3 4 5 6 7 8 |  8.2
Air Magic      | 1 2 3 4 5 6 7 8 |  8.2
Earth Magic    | 1 2 3 4 5 6 7 8 |  8.2
Poison Magic   | 1 2 3 4 5 6 7 8 |  8.2
Armour         | 5 6 7 8 9 10 | 10.7
Dodging        | 5 6 7 8 9 10 | 10.7
Fighting       | 7 8 9 10 11 | 11.6
Axes           | 7 8 9 10 11 | 11.6

Action                   |  1- 3 |  4- 6 |  7- 9 | 10-12 | 13-15 || total
-------------------------+-------+-------+-------+-------+-------++-------
Melee: Hand axe          |    92 |   119 |   344 |    86 |       ||   641
       Bite              |    10 |    15 |    67 |   156 |   223 ||   471
       Punch             |       |     1 |    13 |     4 |       ||    18
       Whip              |       |       |    36 |       |       ||    36
       War axe           |       |       |       |   648 |       ||   648
       Headbutt          |       |       |       |    99 |   365 ||   464
       Broad axe         |       |       |       |   204 |   318 ||   522
       Scimitar          |       |       |       |       |   892 ||   892
Throw: Tomahawk          |       |       |       |       |    33 ||    33
Invok: Berserk           |       |     2 |     7 |    14 |     5 ||    28
       Trog's Hand       |       |     1 |     7 |    20 |    12 ||    40
       Brothers in Arms  |       |       |       |     3 |     1 ||     4
       Burn Spellbooks   |       |       |       |     1 |     2 ||     3
  Use: Potion            |       |       |     8 |     2 |     3 ||    13
       Scroll            |       |       |       |    18 |     7 ||    25
 Stab: Sleeping          |     1 |       |       |       |       ||     1
       Distracted        |       |       |       |     1 |       ||     1
  Eat: Chunk             |       |     6 |    10 |    30 |    24 ||    70
       Ration            |       |       |     3 |     5 |     4 ||    12
Armor: Animal skin       |     5 |       |       |       |       ||     5
       Scale mail        |    18 |    36 |   137 |    27 |       ||   218
       Chain mail        |       |       |       |   166 |       ||   166
       Plate armour      |       |       |       |   318 |   581 ||   899
Dodge: Dodged            |    50 |    71 |   250 |   574 |   678 ||  1623
Block: Buckler           |       |       |       |   325 |   454 ||   779
       Rpst.: Scimitar   |       |       |       |       |   124 ||   124
